 Dungeon Crawl Stone Soup version 0.27-a0-394-g49c82dfaf2 (webtiles) character file.

Game seed: 852115634017558889

324 jasper the Cutter (level 6, -28/48 HPs)
             Began as a Demigod Brigand on Feb 21, 2021.
             Killed by an exploding a phantom (39 damage)
             ... exploding inner flame
             ... on level 6 of the Dungeon.
             The game lasted 00:07:51 (3058 turns).

jasper the Cutter (Demigod Brigand)                 Turns: 3058, Time: 00:07:51

Health: -28/48     AC:  6    Str: 11 (14) XL:     6   Next: 2%
Magic:  8/8        EV: 10    Int: 10 (13) God:
Gold:   94         SH:  0    Dex: 21 (23) Spells: 5/5 levels left

rFire    . . .     SeeInvis .   s - +0 short sword
rCold    + . .     Faith    .   (no shield)
rNeg     . . .     Spirit   .   y - +0 ring mail
rPois    .         Reflect  .   (no helmet)
rElec    .         Harm     .   c - +0 cloak
rCorr    +         Rampage  .   (no gloves)
Will     +....                  (no boots)
Stlth    ++........             (no amulet)
HPRegen  0.16/turn              n - ring of protection from cold
MPRegen  0.11/turn              t - ring of resist corrosion

@: no status effects
A: high mp 1, strong-willed 1, strong 1
a: no special abilities


You were on level 6 of the Dungeon.
You visited 1 branch of the dungeon, and saw 6 of its levels.

You collected 94 gold pieces.

Inventory:

Hand Weapons
 a - a +2 dagger
 s - a +0 short sword (weapon)
 u - a +3 dagger of venom
Missiles
 d - 5 poisoned darts (quivered)
 e - 2 curare-tipped darts
 f - 75 stones
 r - 28 bolts
Armour
 b - a +0 robe
 c - a +0 cloak (worn)
 h - a +0 leather armour
 y - a +0 ring mail (worn)
Jewellery
 n - a ring of protection from cold (left hand)
 t - a ring of resist corrosion (right hand)
Scrolls
 g - 2 scrolls of random uselessness
 j - a scroll of enchant weapon
 k - a scroll of fog
 l - a scroll of fear
 o - 3 scrolls of noise
 w - a scroll of amnesia
Potions
 m - a potion of mutation


   Skills:
 - Level 1.7 Fighting
 + Level 6.1 Short Blades
 - Level 1.7 Throwing
 - Level 0.8 Dodging
 - Level 3.6 Stealth


You had 5 spell levels left.
You didn't know any spells.
Your spell library was empty.

Dungeon Overview and Level Annotations

Branches:
Dungeon (6/15)             Temple (0/1) D:4

Portals:
Sewer: D:6

Annotations:
D:4 Sigmund


Innate Abilities, Weirdness & Mutations

You have an increased reservoir of magic. (+10% MP)
You are strong-willed. (Will+)
Your muscles are strong. (Str +2)


Message History

You take 5 damage, and have 20/48 hp.
As you read the scroll labelled BEIH XOHEIJ, it crumbles to dust.
The scroll dissolves into smoke.
It was a scroll of fog.
The phantom hits you!
* * * LOW HITPOINT WARNING * * *
You take 7 damage, and have 13/48 hp.
As you read the scroll labelled KEOVAU NETAOLU, it crumbles to dust.
You assume a fearsome visage.
The adder looks frightened!
The phantom is unaffected.
It was a scroll of fear.
The phantom hits you!
* * * LOW HITPOINT WARNING * * *
The phantom blinks!
You take 7 damage, and have 6/48 hp.
As you read the scroll labelled QYTEDW QUPT, it crumbles to dust.
You hear a loud clanging noise!
It was a scroll of noise.
The phantom closely misses you.
As you read the scroll labelled DAGAERACZU, it crumbles to dust.
It is a scroll of identify.
w - a scroll of amnesia The phantom hits you.
* * * LOW HITPOINT WARNING * * *
The phantom blinks!
You blink.
You feel better. The phantom closely misses you.
You regained 5 hp, and now have 11/48 hp.
You closely miss the phantom. The phantom closely misses you.
You barely miss the phantom. You hit the phantom.
Flame seeps out of the phantom.
The phantom is lightly damaged.
The phantom is engulfed in blazing flames.
Flame seeps out of the phantom.
The phantom closely misses you.
You hit the phantom.
Flame seeps out of the phantom.
The phantom is heavily damaged.
The phantom is engulfed in blazing flames.
Flame seeps out of the phantom.
The phantom hits you.
* * * LOW HITPOINT WARNING * * *
The phantom blinks!
You blink.
You take 2 damage, and have 11/48 hp.
You hit the phantom.
The phantom explodes!
The fiery explosion engulfs you!!!
Ouch! That really hurt!
You die...

######.# #.#
#...Z..# #.#
#.############.#
#.# #.........#
#Z# #.#########
#°# #.# #§# #.#
#§# #.# #@# #.#
#.####.#
#......#
#.###### ###


You could see a ball python skeleton (inner flame).

Vanquished Creatures
  A sky beast (D:4)
  A phantom (D:6)
  2 orc priests
  2 orc wizards (D:3)
  A worker ant (D:4)
  4 adders (D:2)
  A worm (D:3)
  3 leopard geckos
  5 orcs
  5 giant cockroaches
  8 goblins
  2 hobgoblins
  A jackal (D:2)
  2 kobolds
  2 quokkas
  4 bats
  2 frilled lizards
  A jackal skeleton (D:4)
  8 rats
55 creatures vanquished.

Notes
Turn   | Place    | Note
-------+----------+-------------------------------------------
     0 | D:1      | jasper the Demigod Brigand began the quest for the Orb.
     0 | D:1      | Reached XP level 1. HP: 17/17 MP: 3/3
    51 | D:1      | Reached skill level 2 in Short Blades
   215 | D:1      | Reached XP level 2. HP: 24/24 MP: 4/4
   497 | D:2      | Found a snail-covered altar of Cheibriados.
   547 | D:2      | Reached skill level 3 in Short Blades
   615 | D:2      | Reached XP level 3. HP: 29/29 MP: 5/5
   969 | D:2      | You fall into a shaft and drop 2 floors!
   974 | D:4      | Noticed Sigmund
   996 | D:4      | Found a staircase to the Ecumenical Temple.
  1066 | D:4      | Noticed a sky beast
  1076 | D:4      | Gained mutation: You are strong-willed. (Will+) [potion of
                  | mutation]
  1076 | D:4      | Gained mutation: Your muscles are strong. (Str +2) [potion
                  | of mutation]
  1082 | D:4      | Reached skill level 4 in Short Blades
  1082 | D:4      | Reached XP level 4. HP: 17/36 MP: 6/6
  1264 | D:4      | Killed a sky beast
  1265 | D:4      | Reached skill level 5 in Short Blades
  1265 | D:4      | Reached XP level 5. HP: 41/41 MP: 7/7
  1709 | D:3      | Found a glowing golden altar of the Shining One.
  1737 | D:3      | Found a sacrificial altar of Ru.
  2368 | D:3      | Reached skill level 6 in Short Blades
  2368 | D:3      | Reached XP level 6. HP: 45/48 MP: 8/8
  2738 | D:2      | Found a blossoming altar of Fedhas.
  2877 | D:3      | You fall into a shaft and drop 3 floors!
  2885 | D:5      | Entered Level 5 of the Dungeon
  3015 | D:6      | Found a glowing drain.
  3058 | D:6      | Killed by an exploding a phantom... exploding inner flame

Illustrated notes

Levels and vault maps discovered:
D:1:      giann_bridges, layout_rooms, hangedman_decor_clover_reticule
D:2:      minmay_skewed_foursquare, layout_rooms, lemuel_crystal_altar,
          fedhas_altar_fruit_tree
D:3:      layout_basic, grunt_temple_overflow_open
D:4:      layout_gridville, minmay_temple_entry_enclosed_plants, uniq_sigmund
D:5:      layout_rooms
D:6:      layout_basic, gup_sewer_entry_glass, kennysheep_generic_room_6,
          uniq_eustachio

Skill      XL: |  1  2  3  4  5 |
---------------+----------------+-----
Short Blades   | 2 3 4 5 6 |  6.1
Fighting       | |  1.7
Throwing       | |  1.7
Dodging        | |  0.8
Stealth        | |  3.6

Action                   |  1- 3 |  4- 6 || total
-------------------------+-------+-------++-------
Melee: Dagger            |    85 |    90 ||   175
       Short sword       |       |    39 ||    39
Throw: Stone             |    15 |     1 ||    16
       Dart              |    16 |    14 ||    30
       Throwing net      |       |     1 ||     1
  Use: Potion            |     2 |     3 ||     5
       Scroll            |       |     7 ||     7
 Stab: Sleeping          |     1 |     1 ||     2
       Held in net/web   |       |     1 ||     1
       Distracted        |       |     1 ||     1
Armor: Robe              |     8 |       ||     8
       Leather armour    |    18 |    10 ||    28
       Ring mail         |       |     7 ||     7
Dodge: Dodged            |    44 |    45 ||    89

Table legend: (Time is in decaauts)
 A = Elapsed time spent in this place.
 B = Non-inter-level travel time spent in this place.
 C = Inter-level travel time spent in this place.
 D = Time resting spent in this place.
 E = Time spent auto-exploring this place.
 F = Levels seen in this place.
 G = Mean time per level.
                   A        B        C        D        E       F      G
               +--------+--------+--------+--------+--------+-----+--------+
         Total |   3008 |   2929 |     79 |    796 |   1342 |   6 |  501.3 |
       Dungeon |   3008 |   2929 |     79 |    796 |   1342 |   6 |  501.3 |
               +--------+--------+--------+--------+--------+-----+--------+

Top non-repeatable levels by time:
     D:2: 870 daAuts
     D:3: 750 daAuts
     D:4: 733 daAuts
     D:1: 479 daAuts
     D:6: 172 daAuts
     D:5: 1 daAuts
